| TOP OF THE 1ST |
|
Cleveland Spiders batting - Pitching for California Angels : RHP David Smith
|
|
Pitching: RHP David Smith
|
|
|
Batting: RHB Alan Trammell
|
0-0: Ball 1-0: Swinging Strike 1-1: Ball 2-1: Called Strike 2-2: Strikes out swinging
|
|
Batting: SHB Bump Wills
|
0-0: Ball 1-0: Swinging Strike 1-1: Ground out U3 (Groundball, 3, EV 107.5 MPH)
|
|
Batting: SHB Salvador Perez
|
0-0: Ball 1-0: Foul Ball, location: 2F 1-1: Foul Ball, location: 2F 1-2: Strikes out swinging
|
| Top of the 1st over - 0 runs, 0 hits, 0 errors, 0 left on base; Cleveland 0 - California 0 |
| BOTTOM OF THE 1ST |
|
California Angels batting - Pitching for Cleveland Spiders : RHP Richard Stumpp
|
|
Pitching: RHP Richard Stumpp
|
|
|
Batting: RHB Frank White
|
0-0: Ball 1-0: Ball 2-0: Called Strike 2-1: Foul Ball, location: 2F 2-2: Ball 3-2: Foul Ball, location: 2F 3-2: Foul Ball, location: 2F 3-2: Ground out 4-3 (Groundball, 34, EV 100.6 MPH)
|
|
Batting: RHB Jeff Atherton
|
0-0: Ball 1-0: Called Strike 1-1: Ball 2-1: Ground out 6-3 (Groundball, 6MS, EV 77.5 MPH)
|
|
Batting: LHB Jason D Thompson
|
0-0: Fly out, F8 (Flyball, 8LS, EV 93.8 MPH)
|
| Bottom of the 1st over - 0 runs, 0 hits, 0 errors, 0 left on base; Cleveland 0 - California 0 |
| TOP OF THE 2ND |
|
Cleveland Spiders batting - Pitching for California Angels : RHP David Smith
|
|
Batting: RHB Clayton Elliott
|
0-0: Called Strike 0-1: Ball 1-1: Foul Ball, location: 2F 1-2: Ball 2-2: Strikes out swinging
|
|
Batting: RHB Cressy Pratt
|
0-0: Ball 1-0: Ball 2-0: Called Strike 2-1: Ground out 1-3 (Groundball, 13, EV 64.4 MPH)
|
|
Batting: RHB Tom Brunansky
|
0-0: Ball 1-0: Foul Ball, location: 2F 1-1: Ball 2-1: Foul Ball, location: 2F 2-2: Ball 3-2: Foul Ball, location: 2F 3-2: Ground out 5-3 (Groundball, 5S, EV 85.0 MPH)
|
| Top of the 2nd over - 0 runs, 0 hits, 0 errors, 0 left on base; Cleveland 0 - California 0 |
| BOTTOM OF THE 2ND |
|
California Angels batting - Pitching for Cleveland Spiders : RHP Richard Stumpp
|
|
Batting: RHB Duke Hinds
|
0-0: SINGLE (Line Drive, 9LM, EV 105.0 MPH)
|
|
Batting: RHB Carlos Pimentel
|
0-0: Ball 1-0: Ball 2-0: Foul Ball, location: 2F 2-1: Ball 3-1: Swinging Strike 3-2: Strikes out swinging
|
|
Batting: LHB John Milner
|
0-0: Swinging Strike 0-1: Ball 1-1: SINGLE (Groundball, 6MD, EV 108.1 MPH) Duke Hinds to second Runner from 2nd tries for 3rd, SAFE, throw by CF made to third
|
|
Batting: SHB Ignacio Medina
|
0-0: Called Strike 0-1: Fly out, F7 (Flyball, 7, EV 90.6 MPH) Runner from 3rd tags up, OUT at HOME! 7-2
|
| Bottom of the 2nd over - 0 runs, 2 hits, 0 errors, 1 left on base; Cleveland 0 - California 0 |
| TOP OF THE 3RD |
|
Cleveland Spiders batting - Pitching for California Angels : RHP David Smith
|
|
Batting: RHB Kevin Bell
|
0-0: Called Strike 0-1: Ball 1-1: Swinging Strike 1-2: SINGLE (Groundball, 6D, EV 96.9 MPH)
|
|
Batting: RHB Jesse Barfield
|
0-0: Called Strike 0-1: Fly out, F8 (Flyball, 8LD, EV 101.9 MPH)
|
|
Batting: RHB Tom Dodd
|
0-0: Ball 1-0: Called Strike 1-1: Ball 2-1: Grounds into double play, 6-4-3 (Groundball, 6, EV 86.9 MPH)
|
| Top of the 3rd over - 0 runs, 1 hit, 0 errors, 0 left on base; Cleveland 0 - California 0 |
| BOTTOM OF THE 3RD |
|
California Angels batting - Pitching for Cleveland Spiders : RHP Richard Stumpp
|
|
Batting: RHB Mike Bishop
|
0-0: Ball 1-0: Foul Ball, location: 2F 1-1: Ball 2-1: Foul Ball, location: 2F 2-2: Fly out, F7 (Flyball, 7LD, EV 108.8 MPH)
|
|
Batting: RHB Rafael Ramirez
|
0-0: Ball 1-0: Ball 2-0: Foul Ball, location: 2F 2-1: Foul Ball, location: 2F 2-2: Strikes out swinging
|
|
Batting: RHB Frank White
|
0-0: Ball 1-0: Ball 2-0: Swinging Strike 2-1: Called Strike 2-2: Ground out 6-3 (Groundball, 6, EV 88.1 MPH)
|
| Bottom of the 3rd over - 0 runs, 0 hits, 0 errors, 0 left on base; Cleveland 0 - California 0 |
| TOP OF THE 4TH |
|
Cleveland Spiders batting - Pitching for California Angels : RHP David Smith
|
|
Batting: RHB Alan Trammell
|
0-0: Called Strike 0-1: Ball 1-1: Ball 2-1: Foul Ball, location: 2F 2-2: SOLO HOME RUN (Flyball, 78XD, EV 98.8 MPH), Distance : 398 ft
|
|
Batting: SHB Bump Wills
|
0-0: Foul Ball, location: 2F 0-1: Swinging Strike 0-2: Ball 1-2: Foul Ball, location: 2F 1-2: Ball 2-2: Strikes out swinging
|
|
Batting: SHB Salvador Perez
|
0-0: Called Strike 0-1: Swinging Strike 0-2: Strikes out looking
|
|
Batting: RHB Clayton Elliott
|
0-0: Called Strike 0-1: Fly out, F6 (Popup, 4M, EV 54.4 MPH)
|
| Top of the 4th over - 1 run, 1 hit, 0 errors, 0 left on base; Cleveland 1 - California 0 |
| BOTTOM OF THE 4TH |
|
California Angels batting - Pitching for Cleveland Spiders : RHP Richard Stumpp
|
|
Batting: RHB Jeff Atherton
|
0-0: Called Strike 0-1: Ball 1-1: Ball 2-1: SINGLE (Groundball, 6MD, EV 105.0 MPH)
|
|
Batting: LHB Jason D Thompson
|
0-0: Ball Jeff Atherton is caught stealing 2nd base 2-6 1-0: Ball 2-0: Fly out, F6 (Popup, 6M, EV 76.3 MPH)
|
|
Batting: RHB Duke Hinds
|
0-0: Foul Ball, location: 2F 0-1: Foul Ball, location: 2F 0-2: Foul Ball, location: 2F 0-2: Foul Ball, location: 2F 0-2: Strikes out looking
|
| Bottom of the 4th over - 0 runs, 1 hit, 0 errors, 0 left on base; Cleveland 1 - California 0 |
| TOP OF THE 5TH |
|
Cleveland Spiders batting - Pitching for California Angels : RHP David Smith
|
|
Batting: RHB Cressy Pratt
|
0-0: Ball 1-0: Fly out, F4 (Popup, 34, EV 73.8 MPH)
|
|
Batting: RHB Tom Brunansky
|
0-0: Swinging Strike 0-1: Swinging Strike 0-2: Strikes out swinging
|
|
Batting: RHB Kevin Bell
|
0-0: Called Strike 0-1: Ball 1-1: Called Strike 1-2: Foul Ball, location: 2F 1-2: Foul Ball, location: 2F 1-2: Foul Ball, location: 2F 1-2: Ground out 4-3 (Groundball, 4M, EV 95.0 MPH)
|
| Top of the 5th over - 0 runs, 0 hits, 0 errors, 0 left on base; Cleveland 1 - California 0 |
| BOTTOM OF THE 5TH |
|
California Angels batting - Pitching for Cleveland Spiders : RHP Richard Stumpp
|
|
Batting: RHB Carlos Pimentel
|
0-0: Called Strike 0-1: Ball 1-1: Ball 2-1: Foul Ball, location: 2F 2-2: Strikes out swinging
|
|
Batting: LHB John Milner
|
0-0: Ball 1-0: Foul Ball, location: 2F 1-1: Ground out 6-3 (Groundball, 6, EV 106.3 MPH)
|
|
Batting: SHB Ignacio Medina
|
0-0: Ball 1-0: Ball 2-0: Foul Ball, location: 2F 2-1: Swinging Strike 2-2: SINGLE (Line Drive, 4M, EV 101.3 MPH)
|
|
Batting: RHB Mike Bishop
|
0-0: Swinging Strike 0-1: Ball 1-1: Fly out, F8 (Flyball, 8RM, EV 93.1 MPH)
|
| Bottom of the 5th over - 0 runs, 1 hit, 0 errors, 1 left on base; Cleveland 1 - California 0 |
| TOP OF THE 6TH |
|
Cleveland Spiders batting - Pitching for California Angels : RHP David Smith
|
|
Batting: RHB Jesse Barfield
|
0-0: Called Strike 0-1: Ball 1-1: SINGLE (Groundball, 6MD, EV 101.9 MPH)
|
|
Pitching: LHP Tug McGraw
|
|
|
Batting: RHB Tom Dodd
|
0-0: Grounds into double play, 4-6-3 (Groundball, 4, EV 79.4 MPH)
|
|
Batting: RHB Alan Trammell
|
0-0: Foul Ball, location: 2F 0-1: Ball 1-1: SINGLE (Groundball, P, EV 88.1 MPH) (infield hit)
|
|
Batting: SHB Bump Wills
|
0-0: Called Strike 0-1: Called Strike 0-2: Foul Ball, location: 2F 0-2: Foul Ball, location: 2F 0-2: Ball 1-2: Ball 2-2: Ground out 6-3 (Groundball, 56, EV 98.8 MPH)
|
| Top of the 6th over - 0 runs, 2 hits, 0 errors, 1 left on base; Cleveland 1 - California 0 |
| BOTTOM OF THE 6TH |
|
California Angels batting - Pitching for Cleveland Spiders : RHP Richard Stumpp
|
|
Batting: RHB Rafael Ramirez
|
0-0: Swinging Strike 0-1: Foul Ball, location: 2F 0-2: Foul Ball, location: 2F 0-2: Ground out 4-3 (Groundball, 4, EV 83.1 MPH)
|
|
Batting: RHB Frank White
|
0-0: Swinging Strike 0-1: DOUBLE (Line Drive, 3D, EV 98.1 MPH)
|
|
Batting: RHB Jeff Atherton
|
0-0: Ball 1-0: Ground out 4-3 (Groundball, 4, EV 91.3 MPH) Frank White to third
|
|
Batting: LHB Jason D Thompson
|
0-0: Ball Wild Pitch! Frank White scores 1-0: SINGLE (Line Drive, 9S, EV 104.4 MPH)
|
|
Batting: RHB Duke Hinds
|
0-0: Called Strike 0-1: Foul Ball, location: 2F 0-2: Fielders Choice at 2nd, 5-4 (Groundball, 5, EV 103.1 MPH)
|
| Bottom of the 6th over - 1 run, 2 hits, 0 errors, 1 left on base; Cleveland 1 - California 1 |
| TOP OF THE 7TH |
|
Cleveland Spiders batting - Pitching for California Angels : LHP Tug McGraw
|
|
Batting: SHB Salvador Perez
|
0-0: Ball 1-0: Ball 2-0: Ball 3-0: Called Strike 3-1: Foul Ball, location: 2F 3-2: Foul Ball, location: 2F 3-2: Base on Balls
|
|
Batting: RHB Clayton Elliott
|
0-0: Ball 1-0: Ball 2-0: Swinging Strike 2-1: Ball 3-1: Base on Balls Salvador Perez to second
|
|
Batting: RHB Cressy Pratt
|
0-0: Fly out, F9 (Flyball, 89S, EV 90.0 MPH)
|
|
Batting: RHB Tom Brunansky
|
0-0: Called Strike Salvador Perez steals 3rd base (no throw) Clayton Elliott to second 0-1: Ball 1-1: Intentional Walk
|
|
Batting: RHB Kevin Bell
|
0-0: Ball 1-0: Called Strike 1-1: Swinging Strike 1-2: Fly out, F7 (Flyball, 7D, EV 108.1 MPH) Runner from 3rd tags up, SCORES, no throw by LF
|
|
Batting: RHB Jesse Barfield
|
0-0: Ground out 1-3 (Groundball, 23, EV 73.1 MPH)
|
| Top of the 7th over - 1 run, 0 hits, 0 errors, 2 left on base; Cleveland 2 - California 1 |
| BOTTOM OF THE 7TH |
|
California Angels batting - Pitching for Cleveland Spiders : RHP Richard Stumpp
|
|
Batting: RHB Carlos Pimentel
|
0-0: Fly out, F8 (Line Drive, 8LD, EV 93.1 MPH)
|
|
Batting: LHB John Milner
|
0-0: Ball 1-0: Hit by Pitch
|
|
Batting: SHB Ignacio Medina
|
0-0: Called Strike 0-1: Ball 1-1: Ball 2-1: Fielders Choice at 2nd, 4-6 (Groundball, 4, EV 101.9 MPH)
|
|
Batting: RHB Mike Bishop
|
0-0: Ball 1-0: Ball 2-0: Foul Ball, location: 2F 2-1: Ball 3-1: Swinging Strike 3-2: Foul Ball, location: 2F 3-2: Fly out, F9 (Flyball, 9, EV 88.1 MPH)
|
| Bottom of the 7th over - 0 runs, 0 hits, 0 errors, 1 left on base; Cleveland 2 - California 1 |
| TOP OF THE 8TH |
|
Cleveland Spiders batting - Pitching for California Angels : LHP Tug McGraw
|
|
Batting: RHB Tom Dodd
|
0-0: Ball 1-0: Called Strike 1-1: Ground out 5-3 (Groundball, 56, EV 87.5 MPH)
|
|
Batting: RHB Alan Trammell
|
0-0: Ground out 4-3 (Groundball, 4M, EV 105.6 MPH)
|
|
Batting: SHB Bump Wills
|
0-0: Called Strike 0-1: Ball 1-1: Called Strike 1-2: Foul Ball, location: 2F 1-2: Foul Ball, location: 2F 1-2: Foul Ball, location: 2F 1-2: Fly out, F9 (Flyball, 9S, EV 71.9 MPH)
|
| Top of the 8th over - 0 runs, 0 hits, 0 errors, 0 left on base; Cleveland 2 - California 1 |
| BOTTOM OF THE 8TH |
|
California Angels batting - Pitching for Cleveland Spiders : RHP Richard Stumpp
|
|
Pitching: RHP Joe Beckwith
|
|
|
Batting: RHB Rafael Ramirez
|
0-0: Swinging Strike 0-1: SINGLE (Line Drive, 9S, EV 106.3 MPH)
|
|
Batting: RHB Frank White
|
0-0: Ball 1-0: Fielders Choice at 2nd, 1-4 (Groundball, 15S, EV 66.9 MPH)
|
|
Batting: RHB Jeff Atherton
|
|
|
Pinch Hitting: LHB Brian Rosinski
|
0-0: Ball 1-0: SINGLE (Groundball, 4MD, EV 100.6 MPH) Frank White to second Runner from 2nd tries for 3rd, SAFE, throw by CF made to third
|
|
Batting: LHB Jason D Thompson
|
0-0: Called Strike 0-1: Ball 1-1: Ball 2-1: Ball 3-1: Base on Balls Brian Rosinski to second
|
|
Batting: RHB Duke Hinds
|
0-0: Foul Ball, location: 2F 0-1: Ball 1-1: Foul Ball, location: 2F 1-2: Ball 2-2: Fly out, F8 (Flyball, 89D, EV 91.3 MPH) Runner from 3rd tags up, SCORES, throw by CF Brian Rosinski to third
|
|
Batting: RHB Carlos Pimentel
|
0-0: Ball 1-0: Foul Ball, location: 2F 1-1: Swinging Strike 1-2: Reached on error, E5 (Groundball, 5, EV 109.4 MPH) Brian Rosinski scores Jason D Thompson to second
|
|
Batting: LHB John Milner
|
0-0: Ball 1-0: Called Strike 1-1: Foul Ball, location: 2F 1-2: Foul Ball, location: 2F 1-2: Foul Ball, location: 2F 1-2: Ball 2-2: Fly out, F8 (Flyball, 8RD, EV 78.1 MPH)
|
| Bottom of the 8th over - 2 runs, 2 hits, 1 error, 2 left on base; Cleveland 2 - California 3 |
| TOP OF THE 9TH |
|
Cleveland Spiders batting - Pitching for California Angels : LHP Tug McGraw
|
|
Pitching: RHP Jerry Reed
|
|
|
Now at 3B: Dave L Stapleton
|
|
|
Batting: SHB Salvador Perez
|
0-0: SINGLE (Line Drive, 34D, EV 103.8 MPH)
|
|
Batting: RHB Clayton Elliott
|
0-0: Ball 1-0: Foul Ball, location: 2F 1-1: Fly out, F7 (Flyball, 7LS, EV 96.9 MPH)
|
|
Batting: RHB Cressy Pratt
|
0-0: Swinging Strike 0-1: Foul Ball, location: 2F 0-2: Ball 1-2: SINGLE (Flyball, 5D, EV 85.6 MPH) Salvador Perez to second
|
|
Batting: RHB Tom Brunansky
|
0-0: Foul Ball, location: 2F 0-1: Ball 1-1: Bunt missed! 1-2: Foul Ball, location: 2F 1-2: Ball 2-2: Ball 3-2: Fly out, F8 (Flyball, 8LS, EV 80.6 MPH)
|
|
Batting: RHB Kevin Bell
|
0-0: Called Strike 0-1: Ground out 1-3 (Groundball, P, EV 65.0 MPH)
|
| Top of the 9th over - 0 runs, 2 hits, 0 errors, 2 left on base; Cleveland 2 - California 3 |
|